 Dungeon Crawl Stone Soup version 0.28-a0-1447-ga5a8893891 (webtiles) character file.

Game seed: 2092584044099834495

3826 testman the Thaumaturge (level 10, 0/74 HPs)
             Began as a Gnoll Wanderer on Jan 11, 2022.
             Was a Priest of Makhleb.
             Slain by a seven-headed hydra (12 damage)
             ... on level 8 of the Dungeon.
             The game lasted 00:58:31 (9305 turns).

testman the Thaumaturge (Gnoll Wanderer)            Turns: 9305, Time: 00:58:32

Health: 0/74       AC:  3    Str:  8    XL:     10   Next: 17%
Magic:  18/24      EV: 14    Int: 20    God:    Makhleb [***...]
Gold:   380        SH:  0    Dex: 11    Spells: 14/30 levels left

rFire   . . .      SeeInvis .   h - +2 quarterstaff (speed)
rCold   + + .      Faith    .   (shield currently unavailable)
rNeg    . . .      Spirit   .   c - +0 robe
rPois   .          Reflect  .   i - +0 helmet
rElec   .          Harm     .   y - scarf {rC+ rF+}
rCorr   .          Rampage  .   (no gloves)
Will    +....                   (no boots)
Stlth   +++.......              s - amulet of magic regeneration
HPRegen 0.22/turn               j - ring of willpower
MPRegen 0.59/turn               r - ring of ice

@: freezing walls
A: fangs 1, strong nose, distributed training
a: Renounce Religion, Minor Destruction, Lesser Servant of Makhleb


You were on level 8 of the Dungeon.
You worshipped Makhleb.
Makhleb was most pleased with you.
You visited 1 branch of the dungeon, and saw 8 of its levels.

You collected 380 gold pieces.

Inventory:

Hand Weapons
 h - a +2 quarterstaff of speed (weapon)
Missiles
 a - 75 arrows
 e - 207 stones (quivered)
 n - a boomerang of dispersal
 p - a throwing net
 w - 5 curare-tipped darts
 A - 16 poisoned darts
 B - 19 bolts
Armour
 b - a +0 cloak
 c - a +0 robe (worn)
 i - a +0 helmet (worn)
 y - a scarf of resistance (worn)
Magical Staves
 v - a staff of death
Jewellery
 j - a ring of willpower (left hand)
 k - a ring of willpower
 r - a ring of ice (right hand)
 s - an amulet of magic regeneration (around neck)
Scrolls
 f - 3 scrolls of identify
 m - a scroll of fear
 q - a scroll of immolation
 t - a scroll of vulnerability {unknown}
 x - a scroll of amnesia
 C - a scroll of holy word
Potions
 d - 3 potions of heal wounds
 g - 5 potions of curing
 l - a potion of lignification {unknown}
 o - 2 potions of haste {unknown}
 u - a potion of berserk rage {unknown}
 z - a potion of degeneration {unknown}


   Skills:
 + Level 5.0 Fighting
 + Level 5.0 Short Blades
 + Level 5.0 Long Blades
 + Level 5.0 Axes
 + Level 5.0 Maces & Flails
 + Level 5.0 Polearms
 + Level 5.7 Staves
 + Level 5.0 Slings
 + Level 5.0 Bows
 + Level 5.0 Crossbows
 + Level 5.0 Throwing
 + Level 5.7 Armour
 + Level 6.9 Dodging
 + Level 5.0 Stealth
 + Level 5.0 Shields
 + Level 5.0 Unarmed Combat
 + Level 10.6 Spellcasting
 + Level 4.1 Conjurations
 + Level 4.1 Hexes
 + Level 4.1 Summonings
 + Level 4.1 Necromancy
 + Level 4.1 Translocations
 + Level 4.1 Transmutations
 + Level 4.1 Fire Magic
 + Level 5.7 Ice Magic
 + Level 4.1 Air Magic
 + Level 4.1 Earth Magic
 + Level 4.1 Poison Magic
 + Level 5.5 Invocations
 + Level 5.0 Evocations


You had 14 spell levels left.
You knew the following spells:

 Your Spells              Type           Power      Damage    Failure   Level
a - Freeze                Ice            100%       1d11      1%          1
b - Frozen Ramparts       Ice            100%       1d12      1%          3
c - Summon Ice Beast      Ice/Summ       45%        N/A       9%          4
d - Ice Form              Ice/Tmut       45%        N/A       9%          4
e - Leda's Liquefaction   Hex/Erth       13%        N/A       12%         4

Your spell library contained the following spells:

 Spells                   Type           Power      Damage    Failure   Level
 Call Canine Familiar     Summ           27%        N/A       3%          3
 Portal Projectile        Hex/Tloc       54%        N/A       3%          3


Dungeon Overview and Level Annotations

Branches:
Dungeon (8/15)             Temple (0/1) D:6            Lair (0/6) D:8

Altars:
Ashenzari
Cheibriados
Elyvilon
Makhleb
Trog
Uskayaw
Wu Jian
Xom
Zin
The Shining One

Shops:
D:3 *


Innate Abilities, Weirdness & Mutations

You have very sharp teeth.
Your uncanny sense of smell can sniff out nearby items.
Your experience applies equally to all skills.


Message History

Confirm with . or Enter, or press ? or * to list all spells.
Aiming: Freeze (safe; 1% risk of failure)
Press: ? - help, Shift-Dir - straight line, f/p - seven-headed hydra
Aim: a seven-headed hydra (moderately wounded, slow, ally target)
You feel a surge of power!
You freeze the seven-headed hydra!
The seven-headed hydra is moderately wounded.
The seven-headed hydra seems to slow down.
Your ice beast hits the seven-headed hydra.
Your ice beast freezes the seven-headed hydra!
The seven-headed hydra seems to slow down.
Casting: Freeze (safe; 1% risk of failure)
Confirm with . or Enter, or press ? or * to list all spells.
Aiming: Freeze (safe; 1% risk of failure)
Press: ? - help, Shift-Dir - straight line, f/p - seven-headed hydra
Aim: a seven-headed hydra (heavily wounded, slow, ally target)
You feel a surge of power!
You freeze the seven-headed hydra!
The seven-headed hydra is heavily wounded.
The seven-headed hydra seems to slow down.
The frozen ramparts melt away.
The seven-headed hydra bites you but does no damage.
The seven-headed hydra bites you.
The seven-headed hydra bites you but does no damage.
The seven-headed hydra barely misses you.
The seven-headed hydra bites you.
The seven-headed hydra barely misses you.
The seven-headed hydra bites you!
Your ice beast barely misses the seven-headed hydra.
Casting: Freeze (safe; 1% risk of failure)
Confirm with . or Enter, or press ? or * to list all spells.
Casting: Frozen Ramparts (safe; 1% risk of failure)
Press: ? - help, Dir - look around, f - activate You feel a surge of power!
The walls around you are covered in ice.
The wall freezes the seven-headed hydra.
The seven-headed hydra seems to slow down.
The seven-headed hydra completely misses you.
The seven-headed hydra bites you! x4
* * * LOW HITPOINT WARNING * * *
The seven-headed hydra bites you!
You die...

######.#..#.##.)...))...######
.......#.##.##..######..#
#######.................#
).....#.....#....#####..#
.............(..........#
#####.#..........#####..#
....#.#.......#..# ##.#
###.#.###........# ..
#...............@#.
#.#.#######.....YD)K....
#.#..............#)#####
......##.........#.#
#.#.#.##.........# .
...............### .#
....###........# #
.#...≈...#.....#
#..#...#..#....#


You could see a seven-headed hydra (slow, ally target), a kobold brigand and a
friendly ice beast (summoned).

Vanquished Creatures
  A two-headed ogre (D:5)
  A water moccasin (D:7)
  3 sky beasts
  2 black bears
  3 orc warriors
  3 necrophages
  3 ogres
  A centaur (D:5)
  A phantom (D:7)
  A kobold brigand (D:8)
  A bullfrog (D:7)
  A scorpion (D:7)
  A water moccasin zombie (D:5)
  2 water moccasin skeletons
  6 wights (D:7)
  A howler monkey (D:7)
  2 centaur zombies
  3 orc priests
  3 jellies
  6 hounds
  A gnoll shaman (D:4)
  2 bullfrog skeletons
  4 iguanas
  A scorpion zombie (D:5)
  6 orc wizards
  A killer bee zombie (D:6)
  5 gnolls (D:4)
  10 adders
  A howler monkey skeleton (D:4)
  2 white imps
  2 adder skeletons (D:4)
  2 worms
  A dart slug (D:1)
  14 orcs
  7 bats
  5 endoplasms
  4 giant cockroaches
  6 goblins
  14 hobgoblins
  2 jackals (D:1)
  4 quokkas
  6 ball pythons
  6 frilled lizards
  15 kobolds
  10 rats
176 creatures vanquished.

Vanquished Creatures (collateral kills)
  A wight (D:7)
1 creature vanquished.

Vanquished Creatures (others)
  10 plants (D:7)
10 creatures vanquished.

Grand Total: 187 creatures vanquished

Notes
Turn   | Place    | Note
-------+----------+-------------------------------------------
     0 | D:1      | Reached skill level 9 in Spellcasting
     0 | D:1      | testman the Gnoll Wanderer began the quest for the Orb.
     0 | D:1      | testman set off with the following items: a +0
                  | quarterstaff, a +0 cloak, a +0 robe; and the following
                  | spell memorised: Freeze; and the following spells available
                  | to memorise: Frozen Ramparts, Summon Ice Beast
     0 | D:1      | Reached XP level 1. HP: 13/13 MP: 10/10
    58 | D:1      | Reached XP level 2. HP: 19/19 MP: 9/12
   506 | D:1      | Reached XP level 3. HP: 23/25 MP: 9/13
   512 | D:1      | Learned a level 3 spell: Frozen Ramparts
   942 | D:2      | Found a shimmering altar of Xom.
  1077 | D:2      | Found a faded altar of an unknown god.
  1084 | D:2      | Prayed at the altar of an unknown god.
  1084 | D:2      | Became a worshipper of Makhleb the Destroyer
  1084 | D:2      | Reached * piety under Makhleb
  1109 | D:2      | Reached skill level 1 in Invocations
  1208 | D:2      | Reached skill level 1 in Fighting
  1208 | D:2      | Reached skill level 1 in Short Blades
  1208 | D:2      | Reached skill level 1 in Long Blades
  1208 | D:2      | Reached skill level 1 in Axes
  1208 | D:2      | Reached skill level 1 in Maces & Flails
  1208 | D:2      | Reached skill level 1 in Polearms
  1208 | D:2      | Reached skill level 1 in Slings
  1208 | D:2      | Reached skill level 1 in Bows
  1208 | D:2      | Reached skill level 1 in Crossbows
  1208 | D:2      | Reached skill level 1 in Throwing
  1208 | D:2      | Reached skill level 1 in Stealth
  1208 | D:2      | Reached skill level 1 in Shields
  1208 | D:2      | Reached skill level 1 in Unarmed Combat
  1208 | D:2      | Reached skill level 1 in Evocations
  1371 | D:2      | Reached XP level 4. HP: 32/32 MP: 15/15
  1629 | D:3      | Noticed a +0 dagger
  1629 | D:3      | Noticed a +0 dagger
  1631 | D:3      | Found a hide-covered altar of Uskayaw.
  1641 | D:3      | Reached skill level 1 in Conjurations
  1641 | D:3      | Reached skill level 1 in Hexes
  1641 | D:3      | Reached skill level 1 in Summonings
  1641 | D:3      | Reached skill level 1 in Necromancy
  1641 | D:3      | Reached skill level 1 in Translocations
  1641 | D:3      | Reached skill level 1 in Transmutations
  1641 | D:3      | Reached skill level 1 in Fire Magic
  1641 | D:3      | Reached skill level 1 in Air Magic
  1641 | D:3      | Reached skill level 1 in Earth Magic
  1641 | D:3      | Reached skill level 1 in Poison Magic
  1656 | D:3      | Reached XP level 5. HP: 37/37 MP: 8/16
  1658 | D:3      | Found a glowing golden altar of the Shining One.
  1712 | D:3      | Found an ornate altar of the Wu Jian Council.
  2333 | D:3      | Found Puwuthut's Assorted Antiques.
  2984 | D:4      | Reached XP level 6. HP: 28/44 MP: 12/18
  3241 | D:4      | Noticed a black bear
  3249 | D:4      | Killed a black bear
  3250 | D:4      | Reached skill level 5 in Dodging
  3282 | D:4      | Reached ** piety under Makhleb
  3321 | D:4      | Noticed a necrophage
  3403 | D:3      | Killed a necrophage
  3404 | D:3      | Reached XP level 7. HP: 23/50 MP: 14/20
  4277 | D:5      | Entered Level 5 of the Dungeon
  4315 | D:5      | Learned a level 4 spell: Summon Ice Beast
  4345 | D:5      | HP: 2/51 [centaur/arrow (15)]
  5038 | D:5      | Reached XP level 8. HP: 57/57 MP: 18/21
  5625 | D:5      | You fall into a shaft and drop 2 floors!
  5827 | D:7      | Reached skill level 10 in Spellcasting
  6015 | D:5      | Reached skill level 5 in Ice Magic
  6015 | D:5      | Reached XP level 9. HP: 37/65 MP: 19/23
  6275 | D:5      | Found a burning altar of Makhleb.
  6277 | D:5      | Found a glowing silver altar of Zin.
  6277 | D:5      | Noticed an angel
  6277 | D:5      | Noticed a balrug
  6295 | D:5      | Noticed a two-headed ogre
  6455 | D:5      | Killed a two-headed ogre
  6456 | D:5      | Reached skill level 5 in Staves
  6456 | D:5      | Reached skill level 5 in Armour
  7444 | D:6      | Found a snail-covered altar of Cheibriados.
  7501 | D:6      | Found a broken altar of Ashenzari.
  7685 | D:6      | Reached *** piety under Makhleb
  7927 | D:6      | Reached skill level 5 in Invocations
  7947 | D:6      | Learned a level 4 spell: Ice Form
  8101 | D:6      | Found a staircase to the Ecumenical Temple.
  8211 | D:7      | Learned a level 4 spell: Leda's Liquefaction
  8224 | D:7      | Found a white marble altar of Elyvilon.
  8507 | D:7      | Found a bloodstained altar of Trog.
  8564 | D:7      | Reached XP level 10. HP: 73/73 MP: 22/24
  9013 | D:8      | Found a staircase to the Lair.
  9110 | D:8      | Reached skill level 5 in Fighting
  9110 | D:8      | Reached skill level 5 in Short Blades
  9110 | D:8      | Reached skill level 5 in Long Blades
  9110 | D:8      | Reached skill level 5 in Axes
  9110 | D:8      | Reached skill level 5 in Maces & Flails
  9110 | D:8      | Reached skill level 5 in Polearms
  9110 | D:8      | Reached skill level 5 in Slings
  9110 | D:8      | Reached skill level 5 in Bows
  9110 | D:8      | Reached skill level 5 in Crossbows
  9110 | D:8      | Reached skill level 5 in Throwing
  9110 | D:8      | Reached skill level 5 in Stealth
  9110 | D:8      | Reached skill level 5 in Shields
  9110 | D:8      | Reached skill level 5 in Unarmed Combat
  9110 | D:8      | Reached skill level 5 in Evocations
  9299 | D:8      | Noticed a seven-headed hydra
  9305 | D:8      | Slain by a seven-headed hydra

Illustrated notes

Levels and vault maps discovered:
D:1:      saegor_arrival_simple_d, layout_rooms
D:2:      layout_rooms, basic_altar, hellmonk_ecumenical_altar_slurped_away
D:3:      layout_loops_cross, overflow_temple_1_default,
          dancing_weapons_uskayaw, mainiacjoe_overflow_concentric_impassable,
          serial_shops, shop, serial_co_window_serial,
          co_window_of_opportunity_a, co_window_paths_a, co_window_paths_a,
          co_window_paths_a, co_window_of_opportunity_a, co_window_2corner,
          co_window_corner_b, co_window_corner_ca, co_window_unsneaky_path_c,
          co_window_broadway_a, co_window_corner_cb, glass_columns_a,
          corner_web_ring, minmay_fountain_box
D:4:      layout_loops_ring, kennysheep_boxes
D:5:      layout_gridville, grunt_temple_overflow_order_and_chaos_2,
          solitary_fountain, grunt_ministairs_2
D:6:      layout_loops_ring, marbit_many_paths, mainiacjoe_overflow_alcove_1,
          temple_hall_moat
D:7:      layout_loops_ring, trog_three_pillars_becter,
          nicolae_elyvilon_temple_path
D:8:      layout_basic, dpeg_oklobed_lair, uniq_pikel, uniq_maggie

Skill      XL: |  1  2  3  4  5  6  7  8  9 10 |
---------------+-------------------------------+-----
Spellcasting   | 10 | 10.6
Invocations    | 1 2 3 4 5 |  5.5
Fighting       | 1 2 3 4 5 |  5.0
Short Blades   | 1 2 3 4 5 |  5.0
Long Blades    | 1 2 3 4 5 |  5.0
Axes           | 1 2 3 4 5 |  5.0
Maces & Flails | 1 2 3 4 5 |  5.0
Polearms       | 1 2 3 4 5 |  5.0
Slings         | 1 2 3 4 5 |  5.0
Bows           | 1 2 3 4 5 |  5.0
Crossbows      | 1 2 3 4 5 |  5.0
Throwing       | 1 2 3 4 5 |  5.0
Stealth        | 1 2 3 4 5 |  5.0
Shields        | 1 2 3 4 5 |  5.0
Unarmed Combat | 1 2 3 4 5 |  5.0
Evocations     | 1 2 3 4 5 |  5.0
Conjurations   | 1 2 3 4 |  4.1
Hexes          | 1 2 3 4 |  4.1
Summonings     | 1 2 3 4 |  4.1
Necromancy     | 1 2 3 4 |  4.1
Translocations | 1 2 3 4 |  4.1
Transmutations | 1 2 3 4 |  4.1
Fire Magic     | 1 2 3 4 |  4.1
Air Magic      | 1 2 3 4 |  4.1
Earth Magic    | 1 2 3 4 |  4.1
Poison Magic   | 1 2 3 4 |  4.1
Staves         | 3 4 5 |  5.7
Armour         | 3 4 5 |  5.7
Ice Magic      | 4 5 |  5.7
Dodging        | 5 6 |  6.9

Action                   |  1- 3 |  4- 6 |  7- 9 | 10-12 || total
-------------------------+-------+-------+-------+-------++-------
Melee: Quarterstaff      |    88 |    95 |   186 |    43 ||   412
       Bite              |    12 |     6 |    28 |     3 ||    49
       Unarmed           |       |       |    13 |       ||    13
Throw: Stone             |     3 |    19 |    23 |    12 ||    57
 Cast: Freeze            |    18 |    22 |    17 |     3 ||    60
       Frozen Ramparts   |     2 |    10 |    29 |     8 ||    49
       Summon Ice Beast  |       |       |     5 |     1 ||     6
       Ice Form          |       |       |     1 |       ||     1
       Leda's Liquefacti |       |       |       |     2 ||     2
Invok: Minor Destruction |       |       |     6 |     2 ||     8
  Use: Scroll            |       |     2 |     7 |       ||     9
 Stab: Sleeping          |     2 |     2 |     6 |     2 ||    12
Armor: Robe              |    34 |    17 |    29 |     7 ||    87
       Skin              |       |       |     1 |       ||     1
Dodge: Dodged            |    82 |    52 |   103 |    29 ||   266

Table legend: (Time is in decaauts)
 A = Elapsed time spent in this place.
 B = Non-inter-level travel time spent in this place.
 C = Inter-level travel time spent in this place.
 D = Time resting spent in this place.
 E = Time spent auto-exploring this place.
 F = Levels seen in this place.
 G = Mean time per level.
                   A        B        C        D        E       F      G
               +--------+--------+--------+--------+--------+-----+--------+
         Total |   9221 |   8968 |    253 |   2752 |   4484 |   8 | 1152.6 |
       Dungeon |   9221 |   8968 |    253 |   2752 |   4484 |   8 | 1152.6 |
               +--------+--------+--------+--------+--------+-----+--------+

Top non-repeatable levels by time:
     D:4: 1885 daAuts
     D:5: 1781 daAuts
     D:3: 1406 daAuts
     D:7: 1090 daAuts
     D:6: 1050 daAuts
     D:1: 950 daAuts
     D:2: 676 daAuts
     D:8: 380 daAuts
